[Event "2022-2023 SCC U2200 Week 3 CA-N vs WA"]
[Site "Chess.com"]
[Date "2022.11.15"]
[Round "3.1"]
[White "Taghizadeh (CA-N), Rayan"]
[Black "Shubin (WA), Daniel"]
[Result "0-1"]
[ECO "C06"]
[WhiteElo "2400"]
[BlackElo "2196"]
[Annotator "Ralph Dubisch"]
[PlyCount "96"]
[EventDate "2022.11.15"]
[EventType "team-match"]
[EventRounds "4"]
[TimeControl "900+2"]

{[%evp 0,96,24,25,23,-45,-29,-43,-48,-60,-67,-67,-67,-67,-37,-68,-62,-56,-65,
-67,-61,-112,-84,-67,-3,8,-9,-37,-43,-46,53,-330,-309,-300,-285,-297,-297,-297,
-181,-177,439,553,530,534,607,-261,-269,-247,-271,-258,-156,-298,-296,-369,
-373,-395,-400,-437,-448,-448,-446,-451,-473,-474,-464,-480,-480,-841,-841,
-848,-852,-848,-498,-518,-511,-522,-524,-606,-621,-623,-641,-635,-662,-662,
-599,-664,-668,-783,-798,-818,-823,-817,-823,-823,-635,-651,-664,-643,-675]
It's important to remember, when playing through this see-saw battle, that it
is rapid chess. There is simply no time to work out definitive tactics when
faced with such dizzying complexity.} 1. e4 e6 2. Qf3 $6 {Isn't there some
opening rule against this sort of thing?} d5 3. d3 Nc6 4. c3 Nf6 5. Nd2 e5 $1
6. h3 Bc5 7. g4 $6 {White insists on being provocative, but falls behind in
development.} dxe4 ({Perhaps it is even better to continue to develop and only
exchange in the center when forced:} 7... Be6 8. g5 $5 (8. Ne2 {looks a bit
like the game, but with more central tension.}) 8... dxe4 9. dxe4 (9. Nxe4 $6
Nxe4 10. dxe4 (10. Qxe4 $4 Bd5 $19) 10... Qe7 $17 {Development and structure.})
9... Nd7 $17 {.}) 8. Nxe4 Nxe4 9. dxe4 Be6 10. Ne2 Qd6 (10... Qd7 11. Bg5 (11.
Bg2 O-O-O 12. O-O Qd3 $17) (11. Ng3 Nb4 $1 {is practically winning.}) 11... f6
12. Rd1 Qf7 13. Be3 Bxe3 14. Qxe3 Bxa2 $17) 11. Ng3 g6 $6 ({The threat of Nf5
doesn't feel like enough to justify weakening the kingside dark squares. Black
has a noticeable edge in development and pawn structure, and anytime a knight
does choose to drop into f5, ...g6 will come sooner or later to give it a
nudge.} 11... O-O-O $5 12. Be2 (12. Bg5 $2 f6 13. Be3 Nb4 $1 14. Qe2 Bc4 $19) (
12. Nf5 Qf8 (12... Bxf5 13. Qxf5+ Kb8 14. Be2 Ne7 $15) 13. Bb5 h5 14. Bxc6 hxg4
15. Bxb7+ Kxb7 16. hxg4 Rxh1+ 17. Qxh1 g6 18. Ne3 Qd6 $17) 12... a5 13. Be3 (
13. Nf5 Qf8) 13... Bxe3 14. Qxe3 Kb8 15. Rd1 Qe7 16. Nf5 Qf8 17. Rxd8+ Nxd8 {
and White's minor initiative peters out, leaving ...g6 and ...Bxa2 on the
possibilities list.}) (11... Nb4 $5 12. Bb5+ c6 13. cxb4 Bxb4+ 14. Kf1 cxb5 {
probably favors Black, but not by as much as in the last note, with the black
queen on d7 preventing the Bb5+ defense.}) 12. Bg5 f6 $1 {A clever idea, only
necessary due to the weakening caused by ...g6, though.} 13. Bxf6 $6 ({White
should grab the tempo:} 13. Rd1 Qe7 $13 {.}) 13... O-O 14. g5 Nb4 $6 (14...
Rad8 15. Be2 Qd2+ 16. Kf1 Be7 $15) 15. Be2 $4 (15. Qe2 {is forced. Then} Rad8
16. Rh2 (16. Rd1 Qxd1+ 17. Qxd1 Rxd1+ 18. Kxd1 Bxf2 19. cxb4 Bxg3 $13) (16.
Bxd8 $2 Bxf2+ 17. Qxf2 Rxf2 18. Kxf2 Qd2+ 19. Ne2 Nc2 20. Rc1 Qe3+ 21. Kg2
Qxe4+ 22. Kh2 Ne3 {and despite a numeric superiority, White is helpless to
save the exposed king and hanging pieces.} 23. Ng3 Qh4 $1 {, for example.})
16... Bxa2 $5 (16... Nd3+ 17. Qxd3 Qxd3 18. Bxd3 Rxd3 19. Bxe5 {and White may
be hanging together.}) 17. Bxd8 Bb3 $1 18. Rd1 (18. Bf6 Rxf6 $1 (18... Nc2+ 19.
Qxc2 Bxc2 20. Bc4+ Rf7 21. b4 Bb6 $13) 19. Rc1 {with considerable
complications.} Rf8 20. Qd2 Qxd2+ 21. Kxd2 Bxf2 22. Nh1 Rd8+ 23. Ke2 Bg1 24.
Rg2 Nd3 25. Rxg1 Nxc1+ 26. Ke3 $13 {for example, is computer-directed mayhem.})
) 15... Nc2+ 16. Kf1 Nxa1 17. h4 Rxf6 18. gxf6 h5 $4 ({Stockfish shows the
cold-blooded} 18... Rf8 $1 19. Nf5 (19. h5 Rxf6) 19... Bxf5 20. exf5 Kh8 21. b4
Bb6 {, and the computer has no worries on defense.}) (18... Qd2 {in order to
meet} 19. h5 {with} g5 {also leaves White with no real compensation.}) 19. Nxh5
$1 gxh5 $4 (19... Nc2 $13) 20. Qxh5 Kf8 21. Qh8+ Bg8 22. Bh5 $4 ({The win is
fairly straightforward with} 22. Qg7+ Ke8 23. Qxg8+ Qf8 (23... Kd7 24. Qxa8
Qxf6 25. Rh2) 24. Qe6+ Kd8 25. Rg1 $18 {.}) 22... Qd3+ {The tide turns yet
again, but this is the final time.} 23. Kg2 ({Possibly what White missed was} 
23. Kg1 Qg3+ 24. Kf1 Qxf2#) 23... Qxe4+ 24. f3 Qc2+ 25. Kg3 Bf2+ 26. Kg2 (26.
Kh3 Qh7) 26... Be3+ 27. Kg3 Bf4+ 28. Kh3 Qh7 29. Qxh7 Bxh7 30. Rxa1 Rd8 31. Rg1
Rd2 32. Kg4 Rxb2 33. Rd1 (33. a4 Rb6) 33... Rg2+ 34. Kh3 Rg3+ 35. Kh2 Rxf3+ (
35... Rg5+) 36. Kg2 Rg3+ 37. Kf2 Rd3 38. Rf1 Rxc3 39. Kg2 Rg3+ 40. Kf2 Rh3 41.
Rd1 Rd3 42. Rf1 Be4 43. Ke2 Rd2+ 44. Ke1 Rxa2 45. Rg1 Ra1+ 46. Kf2 Be3+ 47.
Kxe3 Rxg1 48. Kxe4 Rh1 {0-} 0-1

[Event "2022-2023 SCC U1800 Week 3 OR vs WA"]
[Site "Chess.com"]
[Date "2022.11.16"]
[Round "1.1"]
[White "Suess (WA), Wade"]
[Black "Tang (OR), Zoey"]
[Result "1-0"]
[ECO "B56"]
[WhiteElo "1527"]
[BlackElo "2233"]
[Annotator "Ralph Dubisch"]
[PlyCount "105"]
[EventDate "2022.11.16"]
[EventType "team-match"]
[EventRounds "4"]
[TimeControl "900+2"]

{A see-saw battle, and a major upset.} 1. e4 c5 2. Nf3 d6 3. d4 cxd4 4. Nxd4
Nf6 5. Nc3 Nc6 6. Be3 Ng4 7. Bg5 h6 8. Bh4 g5 9. Bg3 Bg7 10. Bb5 (10. Nb3 {
is still known territory.}) 10... Bd7 (10... Qb6 $5) 11. Nf5 Bxf5 (11... Bxc3+
12. bxc3 Qa5 13. O-O (13. Qxg4 $2 Qxc3+ 14. Ke2 Qxc2+ 15. Kf1 Qb2 {forking a1
and b5.}) 13... Qxb5 14. Qxg4 Qc4 $15) 12. exf5 Nf6 13. O-O O-O 14. Re1 a6 15.
Bd3 b5 $6 (15... Nb4) (15... Rc8) 16. Ne4 (16. h4 $14) 16... Qd7 17. c3 Rfe8
18. Qf3 Rac8 19. Rad1 Qa7 $6 (19... d5 20. Nxf6+ exf6 (20... Bxf6 21. h4 $16)
21. Rxe8+ Rxe8 22. Bc2 $14) 20. Bb1 (20. h4 $16) 20... b4 21. h3 (21. h4) 21...
bxc3 22. Nxc3 Qc5 23. Rc1 (23. Rd2) 23... Nd4 24. Qd3 Qa7 $2 (24... Qb4 $13)
25. Qe3 (25. Rcd1 Nc6 26. h4 $5 $14) (25. h4 $5) 25... e5 (25... Nb5 26. Qxa7
Nxa7 27. Bd3 $14) 26. Ne4 $6 (26. fxe6 $1 Rxe6 (26... fxe6 $2 27. Bxd6 $18) 27.
Qd2 $14) 26... Nxe4 27. Qxe4 $6 (27. Bxe4 $15) 27... Qa8 $2 (27... Rxc1 28.
Rxc1 d5 $1 $17) 28. Qd3 $2 (28. Qxa8 Rxa8 29. f3 {, and White will be doing
fine if the bishops can activate.}) 28... Bf6 $2 (28... Rxc1 29. Rxc1 e4 $1 $17
{and ...Nxf5.}) 29. Kh1 $2 ({Better} 29. Rxc8 Rxc8 30. Qa3 Qc6 31. Qa5 Bd8 $15
{, but Black has active well-coordinated pieces.}) 29... Rxc1 30. Rxc1 e4 31.
Qa3 Nxf5 $2 (31... d5 $1 $17 {and Black can pick off the f5-pawn for nothing.})
32. Bxd6 Qd5 33. Qc5 $6 Qxc5 $6 (33... Qd2 $1 $17 {threatens ...Bd4 while
hitting the bishop on d6.}) 34. Bxc5 Bxb2 35. Re1 Rc8 36. Bb4 Nd4 37. Bxe4 Rb8
38. Bc5 Rc8 39. Bb6 Nb5 40. Bd3 Bc3 41. Rc1 Rb8 42. Be3 Bf6 43. Rb1 $6 (43. a4)
({or} 43. Rc6 $14 {.}) 43... Rd8 44. Bxb5 axb5 45. Rxb5 Rd1+ $2 (45... Ra8 {
simply regains the pawn with complete equality.}) 46. Kh2 Ra1 47. Ra5 Bc3 48.
Ra6 Kg7 49. g3 f5 $6 (49... f6 {supports g5 and maintains better king cover.})
50. Ra3 (50. h4 Re1 (50... f4 51. gxf4 gxh4 52. f5 h5 53. Bg5 $16) 51. a4 gxh4
52. Bxh6+ Kh7 53. gxh4 {should be a technical win.}) 50... Bf6 (50... Be5) 51.
Ra5 Kg6 52. Ra6 Re1 $2 ({Losing immediately.} 52... Rd1 {offers slightly
better chances for survival on the board, if not on the clock.} 53. a4 Kf7 54.
Kg2 Rd3 55. a5 Be5 {, with the hope of reducing the pawn count after} 56. Rxh6
f4 57. Bb6 fxg3 {, but} 58. a6 gxf2 59. a7 Ra3 60. Rc6 {planning Rc8 and a8=Q
should win.}) (52... Kf7 $2 53. Rxf6+ Kxf6 54. Bd4+) 53. Bd4 {Time forfeit,
though now Black is quite lost in any case.} 1-0

[Event "2022-2023 SCC U1800 Week 3 OR vs WA"]
[Site "Chess.com"]
[Date "2022.11.16"]
[Round "1.3"]
[White "Disenhof (OR), Jonathan"]
[Black "Lazarte (WA), Paul"]
[Result "1-0"]
[ECO "E09"]
[WhiteElo "1514"]
[BlackElo "1873"]
[Annotator "Ralph Dubisch"]
[PlyCount "95"]
[EventDate "2022.11.16"]
[EventType "team-match"]
[EventRounds "4"]
[TimeControl "900+2"]

1. d4 d5 2. c4 e6 3. Nf3 Nf6 4. g3 h6 $6 ({Black needs to challenge the
Catalan where it lives. Ignore the fianchetto development at your peril.} 4...
dxc4 5. Bg2 a6 6. O-O Nc6 7. e3 Bd7 8. Qe2 b5 9. Rd1 Be7 $13) (4... Be7 5. Bg2
O-O 6. O-O dxc4 7. Qc2 a6 8. a4 Bd7 9. Qxc4 Bc6 {is still in book, with no
more than a slight edge for White.}) 5. Bg2 c6 6. O-O Nbd7 7. Qc2 Be7 8. Nbd2
O-O 9. e4 dxe4 10. Nxe4 Nxe4 11. Qxe4 Nf6 12. Qe2 Bb4 $6 ({The bishop moves
again to strike at nothing. Black should begin some kind of counterplay in the
center.} 12... c5 $14) 13. Rd1 Qe7 14. a3 Ba5 15. Bf4 Rd8 16. b4 Bc7 17. Bxc7
Qxc7 18. Rac1 b6 19. Ne5 Bb7 20. c5 ({An interesting positional idea, trying
to entombed the black bishop. Instead, White has good chances to pick up the
c-pawn with} 20. Qf3 $5 $16 Rac8 21. b5 {,}) ({or thematically open up central
lines and create a passed d-pawn:} 20. d5 c5 21. d6 $5 {, when} Rxd6 22. Rxd6
Bxg2 23. Rd2 Be4 24. Nd7 Qb7 25. Nxf6+ gxf6 26. Qg4+ $16 Kh7 $4 (26... Bg6 $16)
(26... Kf8 $2 27. Rcd1 Bh1 $6 28. f3 $1 Bxf3 29. Rd8+ Rxd8 30. Rxd8+ Ke7 31.
Qg8 f5 32. Qe8+ Kf6 33. Rd7 $18) 27. Rd7 $1 $18) 20... b5 21. Rd3 Re8 (21... a5
$14) 22. h4 Re7 23. Re1 Rae8 24. Qd2 Nd5 25. Bh3 a5 26. g4 axb4 27. axb4 f6 28.
Ng6 Bc8 (28... Rf7 29. g5 Bc8 30. gxh6 gxh6 31. Rg3 $16) 29. Nxe7+ Rxe7 30. Rf3
e5 31. g5 $2 (31. dxe5 fxe5 (31... Rxe5 32. Ra3 $16) 32. Ra3 $16) 31... Bxh3 (
31... e4 $5 $14 32. gxf6 (32. Rg3 Bxh3 33. gxf6 Nxf6 34. Rxh3 $13) 32... Nxf6
33. Rxf6 gxf6 34. Bg2 $14) 32. Rxh3 Nf4 (32... e4 33. gxh6 g6 34. Rg3 Kh7 (
34... e3 $2 35. Rxg6+ Kh7 36. Qd3 $18) 35. h5 $14) 33. Rg3 Nh5 $2 (33... fxg5
34. hxg5 hxg5 35. Qe3 $16) 34. gxf6 (34. Qa2+ $1 Kf8 (34... Rf7 35. g6 $18) 35.
gxh6 Nxg3 36. h7 $18) 34... Nxf6 35. Qxh6 exd4 36. Qxf6 $4 ({White's most
serious error in the game, and it goes unpunished.} 36. Rxe7 Qxe7 37. Qg6 $18)
36... Qxg3+ $4 ({Black's only opportunity to turn the tables. Move order
matters:} 36... Rxe1+ $1 37. Kg2 Qxg3+ 38. fxg3 gxf6 $19) 37. fxg3 Rxe1+ 38.
Kf2 gxf6 39. Kxe1 $18 {The rest goes smoothly.} Kf7 40. Kd2 Kg6 41. g4 f5 42.
gxf5+ Kxf5 43. Kd3 Kg4 44. Kxd4 Kxh4 45. Ke5 Kg5 46. Kd6 Kf5 47. Kxc6 Ke6 48.
Kb7 1-0